 Dungeon Crawl Stone Soup version 0.31-a0-810-ga77100ea1a (webtiles) character file.

Game seed: 6175460369568529565

30 Newt the Trooper (level 3, 0/43 HPs)
             Began as a Demonspawn Gladiator on Sept 21, 2023.
             Slain by a gnoll
             ... wielding a +0 club
              (2 damage)
             ... on level 2 of the Dungeon.
             The game lasted 00:00:53 (1089 turns).

Newt the Trooper (Demonspawn Gladiator)             Turns: 1089, Time: 00:00:54

Health: 0/43       AC: 21    Str: 16    XL:     3   Next: 3%
Magic:  3/3        EV:  2    Int:  9    God:
Gold:   77         SH:  4    Dex: 14    Spells: 2/2 levels left

rFire   . . .        a - +0 rapier
rCold   . . .        (no shield)
rNeg    . . .        b - melded +0 leather armour
rPois   +            (helmet currently unavailable)
rElec   .            (cloak currently unavailable)
rCorr   .            (gloves currently unavailable)
SInv    .            (boots currently unavailable)
Will    .....        (no amulet)
Stlth   +            (no ring)
HPRegen 0.27/turn    (no ring)
MPRegen 0.08/turn

%: no passive effects
@: tree-form
A: stationary, stasis, torment immunity, boosted hp, (horns 1), condensation
shield
a: no special abilities


You were on level 2 of the Dungeon.
You were a tree.
You visited 1 branch of the dungeon, and saw 2 of its levels.

You collected 77 gold pieces.

Inventory:

Hand Weapons
 a - a +0 rapier (weapon)
Missiles
 d - 2 throwing nets (quivered)
Armour
 b - a +0 leather armour (melded)
 c - a +0 helmet
Scrolls
 f - 2 scrolls of noise {unknown}
 g - a scroll of acquirement {unknown}
 j - a scroll of enchant armour {unknown}
 k - a scroll of identify {unknown}
Potions
 l - a potion of heal wounds {unknown}


   Skills:
 + Level 3.5 Fighting
 - Level 2.6 Short Blades
 - Level 1.7 Throwing
 - Level 2.6 Dodging


You had 2 spell levels left.
You didn't know any spells.
Your spell library contained the following spells:

 Spells                   Type           Power      Damage    Failure   Level
 Blink                    Tloc           0%         N/A       52%         2
 Manifold Assault         Tloc           0%         N/A       99%         4


Dungeon Overview and Level Annotations

Branches:
Dungeon (2/15)

Altars:

Shops:
D:1 (


Innate Abilities, Weirdness & Mutations

You are a tree.
Your roots penetrate the ground, keeping you stationary.
You cannot be teleported.
You are immune to unholy pain and torment.
Your maximum health is greatly increased.
Your equipment is partially melded.
((You have a pair of small horns on your head.))
A meltable shield of frost defends you. (SH +4)


Message History

* * * LOW HITPOINT WARNING * * *
The gnoll misses you.
Unknown command.
The gnoll throws a throwing net.
The throwing net hits you.
You become entangled in the net!
There is a large open door here.
You see here a throwing net.
You tear a large gash into the net.
The gnoll hits you with a +0 flail.
* * * LOW HITPOINT WARNING * * *
It was a potion of curing.
You feel better. The gnoll hits you with a +0 flail.
* * * LOW HITPOINT WARNING * * *
It was a potion of lignification.
You turn into a tree.
Your +0 leather armour melds into your body.
Your roots penetrate the ground.
The net rips apart!
You block the gnoll's attack. The gnoll hits you with a +0 club.
* * * LOW HITPOINT WARNING * * *
Unknown command.
You barely miss the gnoll.
The gnoll is lightly wounded.
The gnoll hits you but does no damage. x2
The gnoll hits you from afar with a +0 spear.
* * * LOW HITPOINT WARNING * * *
Unknown command.
Throw: javelin
Press: ? - help, Shift-Dir - straight line, f - gnoll
Aim: a gnoll, wielding a +0 flail (lightly wounded, 60% to hit)
You throw a javelin. The javelin closely misses the gnoll.
The javelin pierces through the gnoll!
The gnoll is almost dead.
The gnoll hits you but does no damage. The gnoll barely misses you.
The gnoll hits you but does no damage.
Unknown command.
Throw: 3 throwing nets
Press: ? - help, Q - select action Shift-Dir - straight line, f/p - gnoll
Aim: a gnoll, wielding a +0 flail (60% to hit)
You throw a throwing net.
The throwing net closely misses the gnoll.
The throwing net barely misses the gnoll.
The gnoll hits you with a +0 club.
You die...

#. #.## #..#
####''####
#≈≈≈..≈≈≈#
#≈≈≈..§≈≈#
#≈≈≈≈§≈≈≈###
+..§.≈..gg.#
+.§.≈§≈g.♣.#
#≈§≈§§≈≈≈#.#
#≈§§§.≈≈≈#.#
#≈≈§§.§≈≈#.#
####++####.#
#.##...###.#
######.###......#
###......##..#..###
....÷#......###.#


You could see 3 gnolls.

Vanquished Creatures
  A gnoll (D:2)
  A bat (D:1)
  2 giant cockroaches
  A goblin (D:1)
  2 hobgoblins
  3 jackals (D:2)
  4 kobolds
  A ball python (D:1)
  3 frilled lizards (D:1)
  2 rats
20 creatures vanquished.

Notes
Turn   | Place    | Note
-------+----------+-------------------------------------------
     0 | D:1      | Newt the Demonspawn Gladiator began the quest for the Orb.
     0 | D:1      | Reached XP level 1. HP: 16/16 MP: 1/1
   315 | D:1      | Found Jeas's Antique Weapon Emporium.
   446 | D:1      | Gained mutation: You have a pair of small horns on your
                  | head. [demonic ancestry]
   446 | D:1      | Reached XP level 2. HP: 23/23 MP: 2/2
   829 | D:2      | Reached skill level 3 in Fighting
  1080 | D:2      | Gained mutation: A meltable shield of frost defends you.
                  | (SH +4) [demonic ancestry]
  1080 | D:2      | Reached XP level 3. HP: 15/29 MP: 3/3
  1086 | D:2      | HP: 2/43 [gnoll/+0 club (3)]
  1089 | D:2      | Slain by a gnoll

Illustrated notes

Levels and vault maps discovered:
D:1:      dpeg_arrival_water_fire, layout_loops_ring, serial_shops, shop,
          roderic_roman_lattice
D:2:      layout_loops_ring, shapermc_ecumenical_altar_mp_urbaneastern,
          nrook_campfire, kennysheep_generic_room_4, uniq_terence

Skill      XL: |  1  2 |
---------------+-------+-----
Fighting       | 3 |  3.5
Short Blades   | |  2.6
Throwing       | |  1.7
Dodging        | |  2.6

Action                     || total
---------------------------++-------
  Melee: Rapier            ||    61
         Punch             ||     2
         Headbutt          ||     6
  Throw: Javelin           ||     1
         Throwing net      ||     1
    Use: Potion            ||     2
 Armour: Leather armour    ||    41
         Skin              ||     7
  Dodge: Dodged            ||    58
  Block: Other             ||     1

Table legend: (Time is in decaauts)
 A = Elapsed time spent in this place.
 B = Non-inter-level travel time spent in this place.
 C = Inter-level travel time spent in this place.
 D = Time resting spent in this place.
 E = Time spent auto-exploring this place.
 F = Levels seen in this place.
 G = Mean time per level.
                   A        B        C        D        E       F      G
               +--------+--------+--------+--------+--------+-----+--------+
         Total |   1094 |   1060 |     34 |    158 |    757 |   2 |  547.0 |
       Dungeon |   1094 |   1060 |     34 |    158 |    757 |   2 |  547.0 |
               +--------+--------+--------+--------+--------+-----+--------+

Top non-repeatable levels by time:
     D:1: 821 daAuts
     D:2: 273 daAuts
